 Dungeon Crawl Stone Soup version 0.31.0-32-g396128a36d (webtiles) character file.

Game seed: 17819229357696904602

135 Silvore the Covered (level 4, -7/41 HPs)
             Began as a Minotaur Fighter on Mar 11, 2024.
             Killed from afar by Sigmund (8 damage)
             ... with a puff of flame
             ... on level 2 of the Dungeon.
             The game lasted 00:01:55 (926 turns).

Silvore the Covered (Minotaur Fighter)               Turns: 926, Time: 00:01:55

Health: -7/41      AC:  7    Str: 22    XL:     4   Next: 97%
Magic:  3/3        EV:  9    Int:  5    God:
Gold:   92         SH:  0    Dex: 10    Spells: 3/3 levels left

rFire   . . .        e - +0 mace
rCold   . . .        c - +0 buckler
rNeg    . . .        b - +0 scale mail
rPois   .            (helmet restricted)
rElec   .            (no cloak)
rCorr   .            (no gloves)
SInv    .            (no boots)
Will    .....        (no amulet) Stlth
                     (no ring)
HPRegen 0.26/turn    (no ring)
MPRegen 0.08/turn

%: no passive effects
@: confused
A: horns 2, retaliatory headbutt
a: no special abilities


You were on level 2 of the Dungeon.
You visited 1 branch of the dungeon, and saw 2 of its levels.

You collected 92 gold pieces.

Inventory:

Hand Weapons
 a - a +0 flail
 e - a +0 mace (weapon)
Armour
 b - a +0 scale mail (worn)
 c - a +0 buckler (worn)
Jewellery
 f - an amulet of the acrobat
Scrolls
 h - a scroll of noise
 n - a scroll of vulnerability {unknown}
 o - a scroll of identify {unknown}
 p - a scroll of fear {unknown}
Potions
 d - a potion of might
 g - a potion of berserk rage {unknown}
 i - 2 potions of magic {unknown}
 j - a potion of heal wounds {unknown}
 k - a potion of degeneration {unknown}
 l - a potion of curing {unknown}
 m - a potion of brilliance {unknown}


   Skills:
 + Level 4.5 Fighting
 + Level 3.6 Maces & Flails
 + Level 4.8 Armour
 + Level 1.0 Dodging
 + Level 4.4 Shields


You had 3 spell levels left.
You didn't know any spells.
Your spell library contained the following spells:

 Spells                   Type           Power      Damage    Failure   Level
 Freeze                   Ice            0%         1d3       85%         1
 Dazzling Flash           Conj/Hex       0%         N/A       99%         3
 Frozen Ramparts          Ice            0%         1d1       99%         3
 Hailstorm                Conj/Ice       0%         3d5       99%         3
 Volatile Blastmotes      Fire/Tloc      0%         2d10      99%         3
 Starburst                Conj/Fire      0%         6d3       100%        6
 Maxwell's Capacitive Co  Air            0%         ∞         100%        8


Dungeon Overview and Level Annotations

Branches:
Dungeon (2/15)

Altars:
Wu Jian

Annotations:
D:2 Sigmund


Innate Abilities, Weirdness & Mutations

You have a pair of horns on your head.
You reflexively headbutt those who attack you in melee.


Message History

Found a robe.
You see here a +0 robe.
You now have 92 gold pieces (gained 9).
Sigmund the Dreaded comes into view.
He is wielding a +0 scythe and wearing a +2 robe of willpower.
Found a glowing short sword.
Sigmund shouts!
Sigmund casts a spell.
Sigmund flickers and vanishes!
Deactivating autopickup; reactivate with Ctrl-A.
You hear some strange, mumbled words.
A magic dart appears from out of thin air!
The magic dart hits you.
You barely miss something. Something hits you but does no damage.
You hit something.
You hear some strange, mumbled words.
Something tries to affect you, but you resist.
You closely miss something. Your headbutt misses something. Something hits you.
You hit something. Your headbutt misses something. Something hits you!
You closely miss something. You hit something. Your headbutt misses something.
Something hits you!
You hit something. Your headbutt misses something.
You block something's attack.
You sock something!
You hear some strange, mumbled words.
A magic dart appears from out of thin air!
The magic dart hits you!
* * * LOW HITPOINT WARNING * * *
You miss something.
You hear some strange, mumbled words.
You are confused.
You bump into the rock wall.
Something hits you.
* * * LOW HITPOINT WARNING * * *
You're too confused to move!
Something hits you.
* * * LOW HITPOINT WARNING * * *
You bump into the rock wall.
You closely miss something. Your headbutt misses something.
You hear some strange, mumbled words.
A puff of flame appears from out of thin air!
The puff of flame hits you!
You die...

#.........#.##
#.#######..#.## #.#
##.###.###### #.#
#.## ##.....#
#.#######.###.####.#
#.#...[....#....#
#.#.#####.#.###.#
#.#.# #.#.# #.#
#.#.## #.# # #@#
#..#.####.# #{#
#.###...%.# #)#
##.#.###### #..
##.## ### #.# #.#
##.# #..#


There were no monsters in sight!

Vanquished Creatures
  A scorpion (D:2)
  4 adders (D:2)
  A ribbon worm (D:2)
  2 dart slugs (D:1)
  9 ball pythons (D:1)
  2 bats (D:1)
  3 endoplasms
  A giant cockroach (D:1)
  5 quokkas
  A frilled lizard (D:2)
  3 goblins (D:1)
  2 kobolds (D:1)
  A rat (D:1)
35 creatures vanquished.

Notes
Turn   | Place    | Note
-------+----------+-------------------------------------------
     0 | D:1      | Silvore the Minotaur Fighter began the quest for the Orb.
     0 | D:1      | Reached XP level 1. HP: 19/19 MP: 0/0
    99 | D:1      | Reached XP level 2. HP: 27/27 MP: 1/1
   405 | D:1      | Reached XP level 3. HP: 34/34 MP: 2/2
   585 | D:2      | Found an ornate altar of the Wu Jian Council.
   701 | D:2      | Noticed a scorpion
   706 | D:2      | Killed a scorpion
   707 | D:2      | Reached XP level 4. HP: 38/41 MP: 3/3
   851 | D:2      | Reached skill level 1 in Dodging
   910 | D:2      | Noticed Sigmund
   924 | D:2      | HP: 1/41 [something (3)]
   926 | D:2      | Killed from afar by Sigmund

Illustrated notes

Levels and vault maps discovered:
D:1:      grunt_arrival_lava_bath, layout_rooms
D:2:      layout_loops_ring, basic_altar, uniq_sigmund

Skill      XL: |  1  2  3  4 |
---------------+-------------+-----
Fighting       | 4 |  4.5
Armour         | 4 |  4.8
Shields        | 4 |  4.4
Maces & Flails | 3 |  3.6
Dodging        | 1 |  1.0

Action                     |  1- 3 |  4- 6 || total
---------------------------+-------+-------++-------
  Melee: Mace              |    72 |    30 ||   102
         Flail             |     4 |       ||     4
         Headbutt          |    10 |     2 ||    12
    Use: Scroll            |     3 |       ||     3
 Armour: Scale mail        |    68 |    28 ||    96
  Dodge: Dodged            |    36 |     9 ||    45
  Block: Buckler           |    31 |     5 ||    36
